 Dungeon Crawl Stone Soup version 0.19.1-1-g22dce08 (webtiles) character file.

225 dngmouse the Chopper (level 5, -3/50 HPs)
             Began as a Deep Dwarf Fighter on Jan 16, 2017.
             Slain by an orc warrior
             ... wielding a +0 trident
              (14 damage)
             ... on level 4 of the Dungeon.
             The game lasted 00:08:02 (2100 turns).

dngmouse the Chopper (Deep Dwarf Fighter)           Turns: 2100, Time: 00:08:03

Health: -3/50      AC:  8    Str: 21    XL:     5   Next: 68%
Magic:  5/5        EV:  7    Int:  8    God:
Gold:   174        SH:  9    Dex: 12    Spells: 0 memorised, 4 levels left

rFire  . . .     SeeInvis .     a - +0 war axe
rCold  . . .     Gourm    .     b - +0 scale mail
rNeg   . . .     Faith    .     c - +0 shield
rPois  .         Spirit   .     (no helmet)
rElec  .         Reflect  .     (no cloak)
rCorr  .         Harm     .     p - +0 pair of gloves
MR     .....                    (no boots)
Stlth  ..........               (no amulet)
                                (no ring)
                                (no ring)

@: non-regenerating
A: damage resistance, recharge devices, sense surroundings 1, slow regeneration
3
a: Device Recharging


You were on level 4 of the Dungeon.
You were not hungry.

You visited 1 branch of the dungeon, and saw 4 of its levels.

You collected 174 gold pieces.

Inventory:

Hand Weapons
 a - a +0 war axe (weapon)
Missiles
 o - 50 bolts
Armour
 b - a +0 scale mail (worn)
 c - a +0 shield (worn)
 g - +0 fire dragon scales
 p - a +0 pair of gloves (worn)
Jewellery
 s - an uncursed amulet of faith {unknown}
Wands
 e - a wand of heal wounds (2/9)
 t - a wand of digging (5/24)
Scrolls
 i - 5 scrolls of identify {unknown}
 j - 3 scrolls of immolation {unknown}
 l - 3 scrolls of remove curse {unknown}
 n - a scroll of random uselessness {unknown}
 q - a scroll of enchant armour {unknown}
 u - a scroll of enchant weapon {unknown}
Potions
 d - 2 potions of might
 h - 3 potions of degeneration {unknown}
 k - a potion of resistance {unknown}
 m - a potion of flight {unknown}
 v - a potion of ambrosia {unknown}
Comestibles
 f - 4 bread rations
 r - 2 chunks of flesh


   Skills:
 + Level 4.0 Fighting
 * Level 5.5 Axes
 - Level 3.2 Armour
 - Level 3.2 Shields


You had 4 spell levels left.
You didn't know any spells.

Dungeon Overview and Level Annotations

Branches:
Dungeon (4/15)
 Temple: D:4-7

Altars:


Innate Abilities, Weirdness & Mutations

You are resistant to damage.
You can recharge devices by infusing magical energy.
You passively map a small area around you.
You do not regenerate.


Message History

The orc warrior is heavily wounded.
The orc warrior hits you with a trident!
An orc comes into view. It is wielding a mace.
The orc shouts!
You closely miss the orc warrior.
The orc warrior is heavily wounded.
The orc warrior hits you with a trident.
You hit the orc warrior.
The orc warrior is heavily wounded.
You hit the orc.
The orc warrior hits you with a trident!
* * * LOW HITPOINT WARNING * * *
The orc hits you with a mace.
* * * LOW HITPOINT WARNING * * *
You block the orc warrior's attack.
You hit the orc.
The orc is heavily wounded.
You hit the orc warrior. You block the orc's attack.
The orc warrior hits you with a trident!
You die...

,, , *.., , ,###.. , ,
..... * , ......,
####. .... * ,.....
*#..# #.... ,
#..o###...# , ,...
#..o@.#...##.,
.....#............
......#......###..,
.............# * ,
............##
..................# ,
..................# ,
,
.................####
.....................,
,


You could see an orc warrior and an orc.

Vanquished Creatures
  An orc priest (D:3)
  A centaur skeleton (D:4)
  Ijyb (D:3)
  4 adders
  An ooze (D:3)
  4 worms
  2 dart slugs (D:2)
  A leopard gecko (D:1)
  6 orcs
  3 bats (D:1)
  8 giant cockroaches
  7 goblins
  9 hobgoblins
  6 jackals
  7 kobolds
  2 quokkas (D:3)
  2 ball pythons
  6 frilled lizards
  6 rats
77 creatures vanquished.

Notes
Turn   | Place    | Note
-------+----------+-------------------------------------------
     0 | D:1      | dngmouse the Deep Dwarf Fighter began the quest for the Orb.
     0 | D:1      | Reached XP level 1. HP: 20/20 MP: 1/1
   113 | D:1      | Reached XP level 2. HP: 20/27 MP: 2/2
   168 | D:1      | Reached skill level 3 in Axes
   477 | D:1      | Reached XP level 3. HP: 23/33 MP: 3/3
   882 | D:2      | Reached skill level 4 in Axes
   957 | D:2      | Reached XP level 4. HP: 16/42 MP: 4/4
  1561 | D:3      | Noticed Ijyb
  1588 | D:3      | Killed Ijyb
  1588 | D:3      | Reached skill level 5 in Axes
  1588 | D:3      | Reached XP level 5. HP: 34/50 MP: 5/5
  2088 | D:4      | Noticed an orc warrior
  2100 | D:4      | Slain by an orc warrior

Skill      XL: |  1  2  3  4  5 |
---------------+----------------+-----
Axes           | 3 4 5 |  5.5
Fighting       | 3 4 |  4.0
Armour         | |  3.2
Shields        | |  3.2

Action                   |  1- 3 |  4- 6 || total
-------------------------+-------+-------++-------
Melee: War axe           |   122 |   119 ||   241
Evoke: Wand              |       |     3 ||     3
  Eat: Chunk             |       |     4 ||     4
Armor: Scale mail        |    55 |    47 ||   102
Dodge: Dodged            |    36 |    37 ||    73
Block: Shield            |    67 |    53 ||   120
